 Dungeon Crawl Stone Soup version 0.22-a0-223-g0f5d773 (webtiles) character file.

38061 tilp the Impaler (level 14, -1/110 HPs)
             Began as a Merfolk Ice Elementalist on Feb 17, 2018.
             Was a High Priest of Makhleb.
             Slain by an orc
             ... wielding a +2 dagger of electrocution
             ... led by an orc high priest
              (20 damage)
             ... on level 1 of the Orcish Mines on Feb 18, 2018.
             The game lasted 01:17:16 (22480 turns).

tilp the Impaler (Merfolk Ice Elementalist)        Turns: 22480, Time: 01:17:19

Health: -1/110     AC: 17    Str: 12    XL:     14   Next: 0%
Magic:  22/23      EV: 18    Int: 19    God:    Makhleb [*****.]
Gold:   933        SH:  0    Dex: 14    Spells: 10/25 levels left

rFire    + . .     SeeInvis .   M - +3 glaive
rCold    . . .     Gourm    .   (shield currently unavailable)
rNeg     . . .     Faith    .   b - +2 robe {rF+}
rPois    +         Spirit   .   (no helmet)
rElec    .         Reflect  .   a - +2 cloak
rCorr    .         Harm     .   t - +2 pair of gloves {Str+3}
MR       ++...                  (no boots)
Stlth    +++.......             G - amulet of the acrobat
HPRegen  0.28/turn              q - ring of protection from magic
MPRegen  0.18/turn              j - ring of poison resistance

@: icy armour, slow
A: change form in water, swift swim, stealthy swim
a: Minor Destruction, Lesser Servant of Makhleb, Major Destruction, Greater
Servant of Makhleb, Renounce Religion


You were on level 1 of the Orcish Mines.
You worshipped Makhleb.
Makhleb was extremely pleased with you.
You were not hungry.

You visited 4 branches of the dungeon, and saw 19 of its levels.

You collected 1307 gold pieces.
You spent 374 gold pieces at shops.

Inventory:

Hand Weapons
 A - a +4 scimitar of flaming
 B - a +0 trident
 M - a +3 glaive (weapon)
Missiles
 m - 7 throwing nets
 y - 20 tomahawks
 N - 2 silver tomahawks
 W - 7 javelins (quivered)
Armour
 a - a +2 cloak (worn)
 b - a +2 robe of fire resistance (worn)
 t - a +2 pair of gloves of strength (worn)
 w - a +2 robe of magic resistance
 E - a +1 leather armour of poison resistance
Magical Staves
 K - an uncursed staff of power
 U - an uncursed staff of cold
Jewellery
 j - a ring of poison resistance (right hand)
 q - a ring of protection from magic (left hand)
 G - an amulet of the acrobat (around neck)
 O - an uncursed ring of resist corrosion
 R - an uncursed ring of see invisible
 V - an uncursed ring of protection from magic
 Y - an uncursed ring of fire
Wands
 e - a wand of acid (9)
 n - a wand of flame (30)
 L - a wand of iceblast (13)
 P - a wand of paralysis (2)
 Z - a wand of polymorph (19)
Scrolls
 d - 2 scrolls of enchant weapon {unknown}
 g - a scroll of fear {unknown}
 k - 7 scrolls of remove curse
 l - 2 scrolls of fog
 s - 5 scrolls of blinking
 u - 2 scrolls of teleportation
 C - a scroll of magic mapping
 I - 2 scrolls of amnesia {unknown}
 X - a scroll of silence {unknown}
Potions
 f - 3 potions of magic
 h - a potion of berserk rage {unknown}
 i - 3 potions of haste
 o - 5 potions of brilliance
 p - 2 potions of ambrosia {unknown}
 r - 3 potions of curing
 v - a potion of invisibility {unknown}
 x - 5 potions of heal wounds
 z - 2 potions of resistance {unknown}
 D - 2 potions of mutation
 F - a potion of flight {unknown}
 S - a potion of degeneration {unknown}
Miscellaneous
 J - a lightning rod (3/4)
 Q - a box of beasts
Comestibles
 c - 16 rations


   Skills:
 - Level 10.0 Fighting
 - Level 20.0 Polearms
 + Level 9.5 Dodging
 - Level 5.1 Stealth
 - Level 6.0 Spellcasting
 - Level 4.0 Conjurations
 - Level 4.0 Charms
 - Level 10.0 Ice Magic
 - Level 8.0 Invocations
 - Level 3.6 Evocations


You had 10 spell levels left.
You knew the following spells:

 Your Spells              Type           Power        Failure   Level  Hunger
a - Freeze                Ice            ####         1%          1    None
b - Throw Frost           Conj/Ice       ####..       1%          2    None
c - Ozocubu's Armour      Chrm/Ice       ####....     1%          3    ##.....
d - Throw Icicle          Conj/Ice       ####....     6%          4    ####...
e - Swiftness             Chrm/Air       ##......     8%          2    None
f - Conjure Flame         Conj/Fire      ##......     14%         3    ##.....


Dungeon Overview and Level Annotations

Branches:
Dungeon (10/15)            Temple (1/1) D:5            Lair (6/6) D:10
  Swamp (0/4) Lair:4        Snake (0/4) Lair:2        Slime (0/5) Lair:5
    Orc (2/2) D:10            Elf (0/3) Orc:2

Altars:
Ashenzari
Cheibriados
Dithmenos
Elyvilon
Fedhas
Gozag
Hepliaklqana
Kikubaaqudgha
Makhleb
Nemelex Xobeh
Okawaru
Qazlal
Ru
Sif Muna
Trog
Uskayaw
Vehumet
Wu Jian
Xom
Yredelemnul
Zin
The Shining One
Jiyva

Shops:
D:4 [

Annotations:
D:10 2 runed doors, Gastronok; kuniqs's ghost, journeyman MiFi
Lair:5 exclusion: 3 doors


Message History

The orc warrior misses you. The orc completely misses you.
Unknown command.
You hit the orc knight.
The orc knight is heavily wounded.
The orc knight closely misses you.
You slice the orc knight!!
The orc knight is almost dead.
The orc warrior completely misses you. The orc completely misses you.
You closely miss the orc knight.
The orc knight is almost dead.
The orc knight hits you with a long sword!
The orc barely misses you. The orc warrior completely misses you.
Unknown command.
A demon appears!
The orc knight hits you with a long sword!
* * * LOW HITPOINT WARNING * * *
The orc hits you with a dagger of electrocution.
* * * LOW HITPOINT WARNING * * *
You are electrocuted!
You die...

##### ##...# #....##
##.....###
###........#
#.##.....#.##
###..........[##
#............o@##
###...........3o[o##
#.........#........#
#........###......###
#.#......# #........#
####.....####.....###
##....##......##
#............#
#..^.<......##


You could see an orc knight, an orc warrior, an orc and a friendly ynoxinul.

Vanquished Creatures
  A dire elephant (Lair:3)
  Harold (D:10)
  A hydra (Lair:3)
  A catoblepas (Lair:3)
  Erica (D:8)
  2 two-headed ogres
  Pikel (D:8)
  A cyclops (D:10)
  22 elephants
  Maurice (D:9)
  A black mamba (Lair:2)
  A guardian serpent (Lair:2)
  4 rime drakes (Lair:4)
  8 spiny frogs
  4 komodo dragons
  The ghost of Gruesome the Shield-Bearer, an amateur DDFi (D:4)
  A polar bear (Lair:3)
  A troll (Orc:1)
  Grinder (D:5)
  The ghost of varam the Insei, an amateur DsGl of Makhleb (D:5)
  6 dream sheep (Lair:5)
  7 hippogriffs
  3 blink frogs (Lair:4)
  A spriggan (Lair:3)
  A hungry ghost (D:9)
  A wyvern (Lair:4)
  19 yaks
  3 hogs (D:8)
  A vampire (D:10)
  A human (D:8)
  4 vampire mosquitoes (Lair:1)
  A basilisk (Lair:5)
  2 insubstantial wisps (Lair:1)
  A warg (Orc:2)
  An acid dragon (D:10)
  10 water moccasins
  8 porcupines
  2 hell hounds (D:10)
  3 slaves
  2 ice beasts
  An eye of draining (D:10)
  A sky beast (D:5)
  5 phantoms
  A hornet zombie (D:6)
  5 orc warriors
  9 ogres
  5 wolves (Lair:2)
  3 centaurs
  3 necrophages
  5 crocodiles
  A big kobold (D:8)
  10 bullfrogs
  A wyvern skeleton (D:6)
  2 scorpions
  6 killer bees (D:9)
  10 wights (D:10)
  4 howler monkeys
  5 electric eels (D:9)
  4 crimson imps (D:5)
  3 bullfrog zombies
  3 hounds
  3 jellies (D:6)
  Crazy Yiuf (D:5)
  2 centaur zombies
  A gnoll shaman (D:6)
  4 orc priests
  A bullfrog skeleton (D:5)
  3 centaur skeletons
  2 iguanas
  11 orc wizards
  5 worker ants
  A howler monkey zombie (D:7)
  8 gnolls
  12 adders
  2 shadow imps
  2 oozes
  An adder skeleton (D:7)
  3 worms (D:2)
  3 dart slugs
  6 leopard geckos
  37 orcs
  7 bats
  2 giant cockroaches
  12 goblins
  6 hobgoblins
  6 jackals
  14 kobolds
  5 quokkas
  2 ball pythons
  7 frilled lizards
  8 rats
396 creatures vanquished.

Vanquished Creatures (collateral kills)
  An elephant (Lair:2)
  A hippogriff (Lair:2)
  A wolf (Lair:2)
3 creatures vanquished.

Vanquished Creatures (others)
  37 fungi
  12 plants
49 creatures vanquished.

Grand Total: 448 creatures vanquished

Notes
Turn   | Place    | Note
-------+----------+-------------------------------------------
     0 | D:1      | tilp the Merfolk Ice Elementalist began the quest for the Orb.
     0 | D:1      | Reached XP level 1. HP: 13/13 MP: 3/3
   163 | D:1      | Reached XP level 2. HP: 9/19 MP: 0/5
   167 | D:1      | Learned a level 2 spell: Throw Frost
  1026 | D:2      | Reached XP level 3. HP: 24/24 MP: 1/6
  1031 | D:2      | Learned a level 3 spell: Ozocubu's Armour
  1249 | D:2      | Reached skill level 5 in Ice Magic
  1360 | D:2      | Reached XP level 4. HP: 22/30 MP: 0/7
  1982 | D:2      | Reached XP level 5. HP: 35/35 MP: 5/8
  2579 | D:3      | Found a stormy altar of Qazlal.
  3490 | D:4      | Found Voniosh's Antique Armour Shoppe.
  3495 | D:4      | Bought a pair of glowing gloves for 165 gold pieces
  3609 | D:4      | Reached XP level 6. HP: 35/41 MP: 6/9
  3618 | D:4      | Found a sacrificial altar of Ru.
  4080 | D:4      | Noticed Gruesome's ghost (amateur DDFi)
  4330 | D:5      | Entered Level 5 of the Dungeon
  4404 | D:5      | Found a shimmering altar of Xom.
  4452 | D:5      | Noticed a sky beast
  4505 | D:5      | Killed a sky beast
  4505 | D:5      | Reached XP level 7. HP: 51/51 MP: 4/10
  4739 | D:5      | Found a runed door.
  4776 | D:5      | Found a staircase to the Ecumenical Temple.
  5029 | Temple   | Entered the Ecumenical Temple
  5109 | Temple   | Became a worshipper of Makhleb the Destroyer
  5222 | D:5      | Noticed Grinder
  5444 | D:5      | Reached skill level 5 in Fighting
  5444 | D:5      | Reached skill level 5 in Polearms
  5444 | D:5      | Reached skill level 5 in Dodging
  5444 | D:5      | Reached skill level 5 in Stealth
  5444 | D:5      | Reached XP level 8. HP: 63/63 MP: 10/14
  5445 | D:5      | Reached skill level 13 in Polearms
  5445 | D:5      | Reached XP level 9. HP: 68/68 MP: 10/15
  5451 | D:5      | Learned a level 4 spell: Throw Icicle
  5705 | D:5      | Paralysed by Grinder for 3 turns
  6835 | D:5      | Noticed varam's ghost (amateur DsGl)
  7260 | D:6      | Found an ornate altar of the Wu Jian Council.
  7528 | D:6      | Reached * piety under Makhleb
  7705 | D:6      | Learned a level 2 spell: Swiftness
  7811 | D:7      | Reached XP level 10. HP: 69/76 MP: 14/16
  7857 | D:7      | Identified the Incunabulum of the Igneous Compass
  8636 | D:7      | Upgraded the game from 0.22-a0-197-g4ac3794 to 0.22-a0-223-g0f5d773
  8785 | D:8      | Noticed Erica
  8793 | D:8      | Killed Erica
  8793 | D:8      | Reached skill level 14 in Polearms
  9020 | D:8      | Reached ** piety under Makhleb
  9060 | D:8      | Found a deep blue altar of Sif Muna.
  9307 | D:8      | Noticed a two-headed ogre
  9707 | D:8      | Noticed Pikel
  9747 | D:8      | Killed Pikel
  9747 | D:8      | Reached skill level 15 in Polearms
  9779 | D:8      | Learned a level 3 spell: Conjure Flame
 10160 | D:4      | Killed Gruesome's ghost
 10160 | D:4      | Reached XP level 11. HP: 79/81 MP: 12/17
 10250 | D:5      | Noticed Crazy Yiuf
 10252 | D:5      | Killed Crazy Yiuf
 10439 | D:5      | Killed varam's ghost
 10474 | D:5      | Killed Grinder
 10536 | D:4      | Bought a steaming shield for 209 gold pieces
 10541 | D:4      | Identified the +2 shield of Space {SInv} (You bought it in a shop on level 4 of the Dungeon)
 10700 | D:8      | Killed a two-headed ogre
 10700 | D:8      | Reached skill level 16 in Polearms
 11229 | D:9      | Noticed Maurice
 11276 | D:9      | Killed Maurice
 11276 | D:9      | Reached skill level 5 in Invocations
 11401 | D:9      | Found an iron altar of Okawaru.
 11401 | D:9      | Found a glowing golden altar of the Shining One.
 11466 | D:9      | Noticed a two-headed ogre
 11993 | D:9      | Killed a two-headed ogre
 12293 | D:10     | Entered Level 10 of the Dungeon
 12309 | D:10     | Found a staircase to the Lair.
 12439 | D:10     | Noticed kuniqs's ghost (journeyman MiFi)
 12534 | D:10     | Reached *** piety under Makhleb
 12788 | D:10     | Found a bloodstained altar of Trog.
 12838 | D:10     | Found a runed door.
 12840 | D:10     | Found a runed door.
 12842 | D:10     | Noticed a wizard
 12851 | D:10     | Noticed Harold
 12889 | D:10     | Killed Harold
 13159 | D:10     | Noticed Gastronok
 13438 | D:10     | Noticed a cyclops
 13452 | D:10     | Killed a cyclops
 13590 | D:10     | Found a staircase to the Orcish Mines.
 13887 | D:10     | Noticed a tengu warrior
 13887 | D:10     | Noticed a centaur warrior
 13887 | D:10     | Noticed a wizard
 13887 | D:10     | Noticed a tengu warrior
 13887 | D:10     | Noticed a centaur warrior
 14358 | Orc:1    | Entered Level 1 of the Orcish Mines
 14482 | Orc:2    | Entered Level 2 of the Orcish Mines
 14482 | Orc:2    | Found a staircase to the Elven Halls.
 14484 | Orc:2    | Noticed an orc knight
 14485 | Orc:2    | Noticed an orc high priest
 14606 | Orc:1    | Reached skill level 17 in Polearms
 14672 | D:10     | Reached XP level 12. HP: 88/88 MP: 15/18
 14682 | Lair:1   | Entered Level 1 of the Lair of Beasts
 14973 | Lair:1   | Reached **** piety under Makhleb
 15104 | Lair:1   | Reached skill level 18 in Polearms
 16039 | Lair:2   | Reached skill level 19 in Polearms
 16323 | Lair:2   | Got a transparent ring mail
 16608 | Lair:2   | Found a staircase to the Snake Pit.
 17080 | Lair:2   | Reached skill level 20 in Polearms
 17349 | Lair:2   | Identified the +4 ring mail of Noraf {Regen+ rCorr} (You found it on level 2 of the Lair of Beasts)
 17472 | Lair:3   | Reached XP level 13. HP: 95/95 MP: 19/19
 17695 | Lair:3   | Reached ***** piety under Makhleb
 17985 | Lair:3   | Noticed a dire elephant
 18367 | Lair:3   | Reached skill level 10 in Fighting
 18531 | Lair:3   | Found a hazy altar of Hepliaklqana.
 18613 | Lair:3   | Killed a dire elephant
 19338 | Lair:4   | Found a staircase to the Swamp.
 19430 | Lair:4   | You fall through a shaft for 2 floors!
 19430 | Lair:6   | Entered Level 6 of the Lair of Beasts
 19510 | Lair:4   | Reached skill level 5 in Spellcasting
 19727 | Lair:4   | Reached skill level 10 in Ice Magic
 21196 | Lair:5   | Found a viscous altar of Jiyva.
 21196 | Lair:5   | Found a staircase to the Slime Pits.
 22313 | Orc:1    | Reached XP level 14. HP: 61/110 MP: 21/23
 22480 | Orc:1    | Slain by an orc

Vault maps used:
D:1:      dpeg_arrival_simpleton_b
D:2:      first_ration, minmay_liquid_box, minmay_tetromino_t2
D:3:      lemuel_crystal_altar
D:4:      nicolae_ru_path_of_blood, serial_shops,
          nicolae_shop_overgrown_old_shop
D:5:      minmay_temple_entry_purple_smoke, hangedman_decor_growths,
          serial_bayou_ford_a, led_xom_imps, uniq_grinder,
          uniq_crazy_yiuf_cottage
D:6:      kennysheep_mini, minmay_a_box_with_orc_wizards_in_it
D:8:      lemuel_coloured_pillars_altar, grunt_livestock, bh_walls_and_bars,
          uniq_pikel, uniq_erica
D:9:      minitemple, serial_bayou, serial_bayou_lagoon_a,
          serial_bayou_crossing, serial_bayou_shore_a, serial_bayou_pond_d,
          serial_bayou_pond_e, uniq_maurice
D:10:     minmay_the_grid_triangle_9x9_rhombus_thin, minmay_lair_entry_lava,
          trog_book, uniq_harold, uniq_gastronok
Temple:   compressed_dpeg_circular_temple
Lair:1:   st_stairs_8, pond
Lair:2:   minmay_snake_entry_spellcaster
Lair:3:   mu_elephants_graveyard, basic_altar, grunt_forest_small_clearing_treed
Lair:4:   swamp_mist
Lair:5:   dpeg_slime_entry_enclosed_altar, zaba_antful_of_joy,
          infiniplex_staircase_pool_2
Lair:6:   minmay_lair_end_enchanted_forest
Orc:1:    portal_ice_cave_rime, serial_shops, shop
Orc:2:    pf_orc_diabolical, uniq_josephine

Skill      XL: |  1  2  3  4  5  6  7  8  9 10 11 12 13 |
---------------+----------------------------------------+-----
Ice Magic      | 4 5 6 7 8 9 10 | 10.0
Fighting       | 2 5 6 10 | 10.0
Polearms       | 5 13 15 17 20 | 20.0
Dodging        | 5 7 8 9 |  9.5
Stealth        | 5 |  5.1
Spellcasting   | 4 6 |  6.0
Conjurations   | 3 4 |  4.0
Charms         | 4 |  4.0
Invocations    | 4 8 |  8.0
Evocations     | 3 |  3.6

Action                   |  1- 3 |  4- 6 |  7- 9 | 10-12 | 13-15 || total
-------------------------+-------+-------+-------+-------+-------++-------
Melee: Dagger            |    11 |   102 |    58 |       |       ||   171
       Trident           |       |       |   144 |   446 |       ||   590
       Glaive            |       |       |       |   420 |   407 ||   827
       Halberd           |       |       |       |     9 |       ||     9
Throw: Stone             |     2 |     2 |       |       |       ||     4
       Tomahawk          |       |       |       |    24 |     1 ||    25
       Javelin           |       |       |       |       |     1 ||     1
 Cast: Freeze            |    39 |    80 |    53 |   155 |    26 ||   353
       Ozocubu's Armour  |     2 |    12 |    14 |    59 |    22 ||   109
       Conjure Flame     |       |       |       |    18 |     1 ||    19
       Throw Icicle      |       |       |       |     4 |       ||     4
       Throw Frost       |       |       |       |     2 |       ||     2
Invok: Lesser Servant of |       |       |       |     2 |     1 ||     3
Evoke: Wand              |       |     2 |       |       |     2 ||     4
       Lightning rod     |       |       |       |       |     4 ||     4
  Use: Scroll            |       |       |    16 |     8 |     1 ||    25
       Potion            |       |       |     2 |     3 |       ||     5
 Stab: Sleeping          |     5 |     8 |     3 |     7 |     4 ||    27
       Petrified         |       |       |       |       |     5 ||     5
  Eat: Chunk             |     2 |    13 |     5 |    29 |    14 ||    63
       Ration            |       |       |     2 |     5 |     1 ||     8
Armor: Robe              |     3 |    32 |    52 |   178 |   110 ||   375
       Skin              |       |       |       |    10 |       ||    10
Dodge: Dodged            |    25 |    98 |   159 |   557 |   325 ||  1164
Block: Shield            |       |       |       |     3 |       ||     3

Table legend:
 A = Spawn XP
 B = Non-spawn XP
 C = Spawn XP percentage of total XP
 D = Spawn monster count
 E = Non-spawn monster count
 F = Spawn count percentage of total count
 G = Total turns spent on level
                    A         B        C        D         E        F      G
               +---------+---------+-------+---------+---------+-------+---------
         Total |       0 |   52060 |   0.0 |       0 |     396 |   0.0 | 22480
               +---------+---------+-------+---------+---------+-------+---------
           D:1 |       0 |      32 |   0.0 |       0 |      19 |   0.0 |  1156
           D:2 |       0 |     165 |   0.0 |       0 |      33 |   0.0 |  1232
           D:3 |       0 |      87 |   0.0 |       0 |      24 |   0.0 |  1081
           D:4 |       0 |     524 |   0.0 |       0 |      13 |   0.0 |  1004
           D:5 |       0 |     943 |   0.0 |       0 |       9 |   0.0 |  2493
           D:6 |       0 |    1369 |   0.0 |       0 |      35 |   0.0 |  1258
           D:7 |       0 |     991 |   0.0 |       0 |      32 |   0.0 |  1112
           D:8 |       0 |    4944 |   0.0 |       0 |      29 |   0.0 |  1635
           D:9 |       0 |    2504 |   0.0 |       0 |      25 |   0.0 |  1460
          D:10 |       0 |    4371 |   0.0 |       0 |      36 |   0.0 |  1927
        Lair:1 |       0 |    4229 |   0.0 |       0 |      23 |   0.0 |  1210
        Lair:2 |       0 |    7731 |   0.0 |       0 |      33 |   0.0 |  1587
        Lair:3 |       0 |   14248 |   0.0 |       0 |      30 |   0.0 |  1971
        Lair:4 |       0 |    4806 |   0.0 |       0 |      20 |   0.0 |  1155
        Lair:5 |       0 |    3070 |   0.0 |       0 |      12 |   0.0 |  1409
        Lair:6 |       0 |     563 |   0.0 |       0 |       3 |   0.0 |    44
         Orc:1 |       0 |    1052 |   0.0 |       0 |      15 |   0.0 |   613
         Orc:2 |       0 |     431 |   0.0 |       0 |       5 |   0.0 |    43
               +---------+---------+-------+---------+---------+-------+---------
